 Dungeon Crawl Stone Soup version 0.17-a0-915-g8914353 (webtiles) character file.

22 UristPineapples the Ruffian (level 2, 0/29 HPs)
             Began as a Troll Monk on May 4, 2015.
             Slain by an orc priest
             ... wielding a +0 hand axe
              (3 damage)
             ... on level 3 of the Dungeon.
             The game lasted 00:02:03 (755 turns).

UristPineapples the Ruffian (Troll Monk)             Turns: 755, Time: 00:02:04

Health: 0/29       AC:  5    Str: 18    XL:     2   Next: 68%
Magic:  1/1        EV: 10    Int:  6    God:
Gold:   42         SH:  0    Dex: 12    Spells: 0 memorised, 1 level left

rFire  . . .     SeeInvis .       - Unarmed
rCold  . . .     Clarity  .     a - +0 robe
rNeg   . . .     SustAb   .     (no shield)
rPois  .         Gourm    +     (helmet restricted)
rElec  .         Spirit   .     (no cloak)
rCorr  .         Warding  .     (gloves unavailable)
rMut   .         Stasis   .     (boots unavailable)
MR     .....                    (no amulet)
Stlth  +.........               (no ring)
                                (no ring)

@: not resistant to hostile enchantments, very unstealthy
A: unfitting armour, claws 3, fast metabolism 3, gourmand, regeneration 2,
shaggy fur 1, tough skin 2
a: no special abilities


You were on level 3 of the Dungeon.
You were very full.

You visited 1 branch of the dungeon, and saw 3 of its levels.

You collected 42 gold pieces.

Inventory:

Armour
 a - a +0 robe (worn)
Jewellery
 g - an uncursed ring of fire {unknown}
Scrolls
 c - a scroll of magic mapping
 d - a scroll of remove curse
 f - 2 scrolls of teleportation {unknown}
Potions
 e - a potion of haste {unknown}
Comestibles
 b - 3 bread rations


   Skills:
 - Level 2.4 Fighting
 - Level 2.4 Dodging
 - Level 1.1 Stealth
 + Level 4.8 Unarmed Combat


You had one spell level left.
You didn't know any spells.

Dungeon Overview and Level Annotations

Branches:
Dungeon (3/15)

Altars:

Annotations:
D:3 Robin


Innate Abilities, Weirdness & Mutations

You are too large for most types of armour.
You have claws for hands.
Your metabolism is lightning-fast.
You like to eat raw meat.
You heal very quickly.
You are covered in fur (AC +1).
You have very tough skin (AC +2).


Message History

Found a stone staircase leading up.
A jackal, a goblin and a hobgoblin come into view.
Read which item? (? for menu, Esc to quit)
As you read the scroll labeled QULYNO MUIGRO, it crumbles to dust.
You feel aware of your surroundings.
You sensed 1 altar.
It was a scroll of magic mapping.
The goblin shouts!
The jackal barks!
The orc priest is no longer bleeding.
The orc hits you with a morningstar.
* * * LOW HITPOINT WARNING * * *
The orc wizard hits you with a dagger.
* * * LOW HITPOINT WARNING * * *
The orc priest completely misses you. The orc hits you but does no damage.
Read which item? (? for menu, Esc to quit)
As you read the scroll labeled PACIKHL LYENERI, it crumbles to dust.
You feel blessed for a moment.
It was a scroll of remove curse.
The hobgoblin shouts!
The jackal closely misses you. The jackal barely misses you.
The orc wizard closely misses you. The orc barely misses you.
The orc priest hits you with a hand axe.
You die...

,,,,,,,,,,,,****,****************
,,,,,,,,,,,,,,,,,>,,,,,,,,,,,,,,*
,,,,,,,,,,,**,**,*********,*,****
***,,**,,,,**,**,* *,*,*
*,,,,,,,,,##+##+### *,*,*
*,,,,,,,,*#.......# *,*,*
*,,,,,,,.##.......# *,*,*
*,,,,,,.gg.g..ooo.# *,*,*
*,,,,,,gg...goh@o.# *,***
**,,,,,,gg...gg#h###******,*
,+,,,,,,,..g..,+.<***,,,,,,******
**,,,,,,,..h(,,#...,,,,,,,,,,,,,*
******,,h.h,,,#.###*,****,******
********,,.,,,,#.#**,,* *,*
,,,,,,,,,,,,,,,#..,,,,****,*
,,,,,,,,,,,,,,,...,,,,,,,,,*
********,,,**,*#..**,*******


You could see Robin (wandering), 2 orc priests, an orc wizard, 2 orcs, 5
jackals, 6 hobgoblins and 4 goblins.

Vanquished Creatures
  An ooze (D:1)
  A giant gecko (D:1)
  A ball python (D:1)
  2 hobgoblins (D:1)
  2 bats (D:1)
  A giant cockroach (D:1)
  2 giant newts (D:1)
  2 goblins (D:1)
  2 kobolds (D:1)
  5 rats
19 creatures vanquished.

Notes
Turn   | Place    | Note
--------------------------------------------------------------
     0 | D:1      | UristPineapples, the Troll Monk, began the quest for the Orb.
     0 | D:1      | Reached XP level 1. HP: 22/22 MP: 0/0
   168 | D:1      | Reached XP level 2. HP: 29/29 MP: 1/1
   750 | D:2      | You fall through a shaft!
   753 | D:3      | Noticed Robin
   755 | D:3      | Slain by an orc priest

Action                   || total
-------------------------++-------
Melee: Unarmed           ||    50
  Use: Scroll            ||     2
  Eat: Chunk             ||    11
